 Dungeon Crawl Stone Soup version 0.23-a0-767-gdc19b93d68 (webtiles) character file.

153 Hercules1031 the Chopper (level 5, -2/42 HPs)
             Began as a Demonspawn Monk on Jan 24, 2019.
             Slain by a centaur (5 damage)
             ... on level 3 of the Dungeon on Jan 25, 2019.
             The game lasted 00:05:55 (2247 turns).

Hercules1031 the Chopper (Demonspawn Monk)          Turns: 2247, Time: 00:05:55

Health: -2/42      AC:  8    Str: 15    XL:     5   Next: 12%
Magic:  5/5        EV:  8    Int:  9    God:
Gold:   118        SH:  4    Dex: 17    Spells: 4/4 levels left

rFire    + + .     SeeInvis .   a - +0 hand axe
rCold    . . .     Gourm    .   j - +0 buckler
rNeg     + . .     Faith    .   e - +0 chain mail
rPois    .         Spirit   .   (no helmet)
rElec    .         Reflect  .   g - scarf {cloud immunity}
rCorr    .         Harm     .   (no gloves)
MR       .....                  (no boots)
Stlth    ..........             (no amulet)
HPRegen  0.14/turn              i - ring of positive energy
MPRegen  0.09/turn              (no ring)

@: no status effects
A: agile 1, demonic guardian 1, dopey 1, fire resistance 2, strong 1, evolution
1, sturdy frame 1
a: no special abilities


You were on level 3 of the Dungeon.
You were not hungry.

You visited 1 branch of the dungeon, and saw 3 of its levels.

You collected 118 gold pieces.

Inventory:

Hand Weapons
 a - a +0 hand axe (weapon)
Armour
 b - a +0 robe
 e - a +0 chain mail (worn)
 g - a scarf of cloud immunity (worn)
 j - a +0 buckler (worn)
Jewellery
 i - a ring of positive energy (left hand)
Scrolls
 d - a scroll of enchant armour {unknown}
 f - a scroll of teleportation {unknown}
 h - 3 scrolls of identify {unknown}
Comestibles
 c - a ration


   Skills:
 + Level 3.7 Fighting
 + Level 4.0 Axes
 + Level 1.4 Armour
 + Level 3.4 Dodging
 - Level 1.8 Stealth
 * Level 0.1 Shields


You had 4 spell levels left.
You didn't know any spells.
Your spell library was empty.

Dungeon Overview and Level Annotations

Branches:
Dungeon (3/15)

Altars:


Innate Abilities, Weirdness & Mutations

A weak demonic guardian rushes to your aid.
Your flesh is very heat resistant. (rF++)
Your movements are slightly less encumbered by armour. (ER -2)
You are agile. (Dex +2)
You are dopey. (Int -2)
Your muscles are strong. (Str +2)
You evolve.


Message History

You kill the rat!
You barely miss the leopard gecko.
The centaur unwields a +0 shortbow.
The centaur hits you.
* * * LOW HITPOINT WARNING * * *
You hit the centaur.
The centaur is severely wounded.
Your chain mail prevents you from hitting the leopard gecko.
The centaur hits you but does no damage.
The leopard gecko hisses menacingly.
The leopard gecko bites you but does no damage.
You barely miss the centaur.
The centaur is severely wounded.
You miss the frilled lizard.
Your chain mail prevents you from hitting the leopard gecko.
The centaur closely misses you.
The leopard gecko bites you but does no damage.
The frilled lizard bites you but does no damage.
The hobgoblin barely misses your iron imp.
The centaur hits you.
You die...

#..... .####
###########..# ..>..#
......#...(..###.....#
..........#.##.. ....#
....!#†5.#.##.#....^#
### ###<##.##.#.....#
#.........5g?.#
#.......##l####
#..#....c@l#
#..#..#.#### #........
#........# ##.......#
##. ... #


You could see a centaur, a leopard gecko, a hobgoblin, a frilled lizard and a
friendly iron imp.

Vanquished Creatures
  Terence (D:2)
  5 gnolls
  2 adders (D:2)
  An ooze (D:1)
  2 worms (D:2)
  A dart slug (D:1)
  A leopard gecko (D:1)
  2 ball pythons
  7 goblins
  7 hobgoblins
  7 bats
  4 frilled lizards
  4 kobolds (D:2)
  10 rats
54 creatures vanquished.

Vanquished Creatures (collateral kills)
  A worm (D:3)
1 creature vanquished.

Grand Total: 55 creatures vanquished

Notes
Turn   | Place    | Note
-------+----------+-------------------------------------------
     0 | D:1      | Hercules1031 the Demonspawn Monk began the quest for the
                  | Orb.
     0 | D:1      | Reached XP level 1. HP: 18/18 MP: 1/1
    90 | D:1      | Reached skill level 3 in Axes
    95 | D:1      | Gained mutation: Your movements are slightly less
                  | encumbered by armour. (ER -2) [demonic ancestry]
    95 | D:1      | Reached XP level 2. HP: 18/24 MP: 2/2
   739 | D:1      | Gained mutation: Your flesh is heat resistant. (rF+)
                  | [demonic ancestry]
   739 | D:1      | Reached XP level 3. HP: 29/29 MP: 3/3
   905 | D:1      | Gained mutation: You are dopey. (Int -2) [potion of
                  | mutation]
   905 | D:1      | Gained mutation: You are agile. (Dex +2) [potion of
                  | mutation]
   905 | D:1      | Gained mutation: Your muscles are strong. (Str +2) [potion
                  | of mutation]
   905 | D:1      | Gained mutation: You evolve. [potion of mutation]
   927 | D:1      | Gained mutation: Your flesh is very heat resistant. (rF++)
                  | [evolution]
  1532 | D:2      | Reached skill level 1 in Armour
  1532 | D:2      | Reached XP level 4. HP: 32/35 MP: 4/4
  1538 | D:2      | Noticed Terence
  1554 | D:2      | Killed Terence
  1679 | D:2      | Gained mutation: A weak demonic guardian rushes to your
                  | aid. [demonic ancestry]
  1679 | D:2      | Reached XP level 5. HP: 12/42 MP: 5/5
  2218 | D:3      | Noticed a centaur
  2225 | D:3      | Reached skill level 4 in Axes
  2245 | D:3      | HP: 2/42 [centaur (2)]
  2247 | D:3      | Slain by a centaur

Vault maps used:
D:1:      dpeg_arrival_ratfight
D:2:      lemuel_upstairs_altar, first_ration, uniq_terence

Skill      XL: |  1  2  3  4  5 |
---------------+----------------+-----
Axes           | 3 4 |  4.0
Dodging        | 3 |  3.4
Armour         | 1 |  1.4
Fighting       | |  3.7
Stealth        | |  1.8
Shields        | |  0.1

Action                   |  1- 3 |  4- 6 || total
-------------------------+-------+-------++-------
Melee: Hand axe          |   150 |    65 ||   215
  Use: Potion            |     2 |       ||     2
       Scroll            |     1 |       ||     1
 Stab: Sleeping          |     2 |       ||     2
       Distracted        |       |     1 ||     1
  Eat: Ration            |     1 |     1 ||     2
Armor: Robe              |     2 |       ||     2
       Chain mail        |   118 |    24 ||   142
Dodge: Dodged            |    94 |    43 ||   137
Block: Buckler           |       |     2 ||     2

Table legend:
 A = Non-vault XP
 B = Vault XP
 C = Vault XP percentage of total XP
 D = Non-vault monster count
 E = Vault monster count
 F = Vault count percentage of total count
                 A         B        C        D         E       F
            +---------+---------+-------+---------+---------+-------
      Total |     178 |      41 |  18.7 |      49 |       6 |  10.9
            +---------+---------+-------+---------+---------+-------
        D:1 |      48 |       5 |   9.4 |      18 |       5 |  21.7
        D:2 |     123 |      36 |  22.6 |      28 |       1 |   3.4
        D:3 |       7 |       0 |   0.0 |       3 |       0 |   0.0
            +---------+---------+-------+---------+---------+-------
